 Dungeon Crawl Stone Soup version 0.31.0-32-g396128a36d (webtiles) character file.

Game seed: 14829986056203012877

271 tizbic2 the Trooper (level 6, -2/63 HPs)
             Began as an Oni Brigand on Mar 18, 2024.
             Slain by Pikel
             ... wielding a +2 whip of freezing
              (6 damage)
             ... on level 4 of the Dungeon.
             The game lasted 00:11:49 (2696 turns).

tizbic2 the Trooper (Oni Brigand)                   Turns: 2696, Time: 00:11:50

Health: -2/63      AC: 13    Str: 17 (18) XL:     6   Next: 23%
Magic:  6/6        EV: 10    Int:  9 (10) God:
Gold:   202        SH:  4    Dex:  9 (10) Spells: 5/5 levels left

rFire   . . .        s - +1 flail (protect)
rCold   . . .        (no shield)
rNeg    . . .        b - +0 robe
rPois   .            r - +2 hat
rElec   .            c - +0 cloak
rCorr   .            (gloves unavailable)
SInv    .            (boots unavailable)
Will    .....        (no amulet)
Stlth   ++           (no ring)
HPRegen 0.30/turn    (no ring)
MPRegen 0.10/turn

%: clarity
@: under a protective aura
A: large, unfitting armour, horns 1, tough skin 1, double potion healing,
drunken brawling, large bone plates 1, clarity, dopey 1
a: no special abilities


You were on level 4 of the Dungeon.
You visited 1 branch of the dungeon, and saw 4 of its levels.

You collected 202 gold pieces.

Inventory:

Hand Weapons
 a - a +2 dagger
 i - a +0 war axe
 s - a +1 flail of protection (weapon)
Missiles
 d - 16 poisoned darts (quivered)
 e - 3 curare-tipped darts
 f - 30 stones
 g - 3 javelins
Armour
 b - a +0 robe (worn)
 c - a +0 cloak (worn)
 r - a +2 hat (worn)
Talismans
 j - a flux talisman
Scrolls
 m - 2 scrolls of poison {unknown}
 n - 2 scrolls of identify {unknown}
 o - a scroll of amnesia {unknown}
 p - a scroll of teleportation {unknown}
 q - 2 scrolls of revelation {unknown}
 v - a scroll of noise {unknown}
 w - a scroll of brand weapon {unknown}
 x - 2 scrolls of enchant armour {unknown}
 y - a scroll of fog {unknown}
Potions
 t - a potion of mutation


   Skills:
 * Level 4.7 Fighting
 - Level 1.7 Short Blades
 + Level 1.8 Maces & Flails
 + Level 3.1 Throwing
 + Level 2.0 Dodging
 - Level 2.9 Stealth
 * Level 2.9 Unarmed Combat


You had 5 spell levels left.
You didn't know any spells.
Your spell library was empty.

Dungeon Overview and Level Annotations

Branches:
Dungeon (4/15)
 Temple: D:4-7

Altars:
Zin

Annotations:
D:4 Pikel


Innate Abilities, Weirdness & Mutations

You are too large for most types of armour.
You have a pair of small horns on your head.
You have tough skin. (AC +1)
You gain doubled healing and magic from potions.
Whenever you drink a healing potion, you attack all around you.
You are partially covered in large bone plates. (SH +4)
You possess an exceptional clarity of mind.
You are dopey. (Int -2)


Message History

Pikel attacks as he pursues you!
Pikel hits you with a +2 whip of freezing.
Pikel freezes you. The lemure attacks as it pursues you!
The lemure hits you. x2
The lemure hits you! The lemure hits you but does no damage.
The lemure attacks as it pursues you! The lemure closely misses you.
The lemure attacks as it pursues you! The lemure hits you.
Things that are here:
a +0 robe; a +0 short sword You barely miss the lemure.
The lemure hits you but does no damage.
You hit the lemure but do no damage.
Your weapon exudes an aura of protection.
The lemure hits you but does no damage.
You sock Pikel!
Pikel is moderately wounded.
You closely miss Pikel. You headbutt Pikel.
Pikel is moderately wounded.
Pikel says, "You'll rot in Tartarus!"
Pikel hits you but does no damage.
Pikel hits you with a +2 whip of freezing!
* * * LOW HITPOINT WARNING * * *
Pikel freezes you.
* * * LOW HITPOINT WARNING * * *
You miss Pikel. Your headbutt misses Pikel.
Pikel is moderately wounded.
Pikel barely misses you.
You closely miss Pikel. Your headbutt misses Pikel.
Pikel is moderately wounded.
Pikel hits you with a +2 whip of freezing!
* * * LOW HITPOINT WARNING * * *
Pikel freezes you.
* * * LOW HITPOINT WARNING * * *
You hit Pikel but do no damage.
Your weapon exudes an aura of protection.
Your headbutt misses Pikel.
Pikel is moderately wounded.
Pikel hits you but does no damage.
Pikel hits you with a +2 whip of freezing.
You die...
Pikel says, "See you in Hell!"

#.........# #.........#
#.....<...# . #.........# ..
#.........# ...####
####5.##### ## ....... #55#
########. ....... #K##
##........
.......#####@#######...######
.......)...............######
.............................
........##.#.##..............
.........#.#.#...............
.........#.#.#...............
.........#.#.#...............
...........#.#............###
..........##..#............#


You could see Pikel and 3 lemures.

Vanquished Creatures
  A lemure (D:4)
  Blork the orc (D:4)
  A bombardier beetle (D:4)
  An orc priest (D:3)
  A sleepcap (D:4)
  5 adders
  A dart slug (D:1)
  3 ribbon worms (D:2)
  7 orcs
  5 endoplasms
  2 giant cockroaches
  A goblin (D:2)
  3 hobgoblins
  A quokka (D:2)
  7 ball pythons
  5 bats
  7 frilled lizards
  4 kobolds
  5 rats
61 creatures vanquished.

Notes
Turn   | Place    | Note
-------+----------+-------------------------------------------
     0 | D:1      | tizbic2 the Oni Brigand began the quest for the Orb.
     0 | D:1      | Reached XP level 1. HP: 22/22 MP: 1/1
    92 | D:1      | Reached skill level 1 in Dodging
   194 | D:1      | Reached XP level 2. HP: 29/29 MP: 2/2
   617 | D:1      | Reached skill level 3 in Fighting
   617 | D:1      | Reached skill level 1 in Unarmed Combat
   693 | D:2      | Reached XP level 3. HP: 31/37 MP: 3/3
   984 | D:2      | Reached XP level 4. HP: 45/45 MP: 4/4
  1147 | D:2      | Reached skill level 1 in Maces & Flails
  1306 | D:3      | Found a glowing silver altar of Zin.
  1338 | D:3      | Reached skill level 4 in Fighting
  1338 | D:3      | Reached XP level 5. HP: 51/54 MP: 5/5
  2218 | D:4      | Noticed Blork the orc
  2245 | D:4      | Gained mutation: You possess an exceptional clarity of
                  | mind. [potion of mutation]
  2245 | D:4      | Gained mutation: You are dopey. (Int -2) [potion of
                  | mutation]
  2245 | D:4      | Gained mutation: You are partially covered in large bone
                  | plates. (SH +4) [potion of mutation]
  2247 | D:4      | Killed Blork the orc
  2408 | D:4      | Reached XP level 6. HP: 59/63 MP: 6/6
  2439 | D:4      | Noticed Pikel
  2476 | D:4      | HP: 3/63 [Pikel/+2 whip of freezing (4)]
  2482 | D:4      | HP: 3/63 [lemure[Pikel] (5)]
  2695 | D:4      | HP: 3/63 [Pikel/+2 whip of freezing (3)]
  2696 | D:4      | Slain by Pikel

Illustrated notes

Levels and vault maps discovered:
D:1:      nagdon_arrival_double_spiral, layout_rooms
D:2:      layout_rooms, serial_bayou_lake_a
D:3:      layout_basic, lemuel_crystal_altar
D:4:      layout_rooms, nicolae_ru_the_path_less_chosen, uniq_pikel,
          uniq_blork_the_orc, uniq_eustachio

Skill      XL: |  1  2  3  4  5  6 |
---------------+-------------------+-----
Dodging        | 1 2 |  2.0
Fighting       | 3 4 |  4.7
Unarmed Combat | 1 2 |  2.9
Maces & Flails | 1 |  1.8
Throwing       | 3 |  3.1
Short Blades   | |  1.7
Stealth        | |  2.9

Action                     |  1- 3 |  4- 6 || total
---------------------------+-------+-------++-------
  Melee: Dagger            |    16 |       ||    16
         Headbutt          |     8 |    29 ||    37
         Mace              |    49 |       ||    49
         Unarmed           |     9 |       ||     9
         Flail             |     1 |   130 ||   131
         Punch             |       |     2 ||     2
    Use: Scroll            |       |     1 ||     1
         Potion            |       |     6 ||     6
   Stab: Sleeping          |     4 |     2 ||     6
         Distracted        |       |     1 ||     1
 Armour: Robe              |    44 |   142 ||   186
         Skin              |     2 |       ||     2
  Dodge: Dodged            |    36 |    80 ||   116
  Block: Other             |       |    14 ||    14
         Form:             |     1 |       ||     1
         Flux              |     1 |       ||     1
